 Dungeon Crawl Stone Soup version 0.29.1-1-gd02db6906a (webtiles) character file.

Game seed: 18274076539932929872

1389 sleeves the Fortune-Teller (level 8, -8/68 HPs)
             Began as a Hill Orc Brigand on Sept 25, 2022.
             Was a Believer of Nemelex Xobeh.
             Mangled by an orc warrior
             ... wielding a +0 broad axe
              (10 damage)
             ... on level 7 of the Dungeon.
             The game lasted 00:11:24 (6626 turns).

sleeves the Fortune-Teller (Hill Orc Brigand)       Turns: 6626, Time: 00:11:24

Health: -8/68      AC:  7    Str: 16    XL:     8   Next: 68%
Magic:  13/13      EV: 11    Int: 11    God:    Nemelex Xobeh [**....]
Gold:   224        SH:  5    Dex: 12    Spells: 7/7 levels left

rFire   . . .      SeeInvis .   b - +3 war axe
rCold   + . .      Faith    .   l - +0 buckler
rNeg    . . .      Spirit   .   g - +0 steam dragon scales
rPois   .          Reflect  .   (no helmet)
rElec   .          Harm     .   c - +0 cloak
rCorr   .          Rampage  .   j - +0 pair of gloves
Will    .....                   (no boots)
Stlth   ++........              n - amulet of the acrobat
HPRegen 0.21/turn               w - ring of protection from cold
MPRegen 0.13/turn               (no ring)

@: no status effects
A: no striking features
a: Renounce Religion, Draw Escape, Draw Destruction, Draw Summoning


You were on level 7 of the Dungeon.
You worshipped Nemelex Xobeh.
Nemelex Xobeh was pleased with you.
You visited 2 branches of the dungeon, and saw 8 of its levels.

You collected 224 gold pieces.

Inventory:

Hand Weapons
 a - a +1 trident of venom
   (You took it off Terence on level 3 of the Dungeon)
 b - a +3 war axe (weapon)
   (You took it off a wight on level 6 of the Dungeon)
 u - a +2 dagger
Missiles
 d - 7 poisoned darts (quivered)
 e - 2 curare-tipped darts
Armour
 c - a +0 cloak (worn)
 g - +0 steam dragon scales (worn)
   (You found it on level 1 of the Dungeon)
 j - a +0 pair of gloves (worn)
   (You found it on level 1 of the Dungeon)
 l - a +0 buckler (worn)
   (You found it on level 1 of the Dungeon)
 D - a +0 pair of boots
   (You found it on level 7 of the Dungeon)
Jewellery
 n - an amulet of the acrobat (around neck)
   (You found it on level 2 of the Dungeon)
 s - an amulet of regeneration
   (You found it on level 3 of the Dungeon)
 t - an amulet of faith
   (You found it on level 3 of the Dungeon)
 w - a ring of protection from cold (left hand)
   (You found it on level 4 of the Dungeon)
Wands
 x - a wand of flame (9)
   (You found it on level 4 of the Dungeon)
Scrolls
 f - a scroll of immolation {unknown}
 h - a scroll of acquirement {unknown}
 k - 2 scrolls of enchant weapon {unknown}
 o - a scroll of vulnerability {unknown}
 p - a scroll of fear {unknown}
 r - 6 scrolls of identify {unknown}
 v - a scroll of amnesia {unknown}
 y - a scroll of noise {unknown}
Potions
 i - 3 potions of curing {unknown}
 m - a potion of brilliance {unknown}
 q - 4 potions of mutation {unknown}
 z - a potion of haste {unknown}
 A - a potion of ambrosia {unknown}
 B - a potion of lignification {unknown}
 C - a potion of attraction {unknown}


   Skills:
 - Level 5.0 Fighting
 - Level 2.0 Short Blades
 + Level 7.1 Axes
 - Level 1.7 Throwing
 - Level 2.1 Armour
 - Level 0.7 Dodging
 - Level 3.2 Stealth
 - Level 5.3 Shields
 + Level 7.2 Invocations


You had 7 spell levels left.
You didn't know any spells.
Your spell library contained the following spells:

 Spells                   Type           Power      Damage    Failure   Level
 Sting                    Tmut/Pois      0%         1d3       41%         1
 Poisonous Vapours        Pois/Air       0%         N/A       56%         2
 Olgreb's Toxic Radiance  Pois           0%         N/A       99%         4


Dungeon Overview and Level Annotations

Branches:
Dungeon (7/15)             Temple (1/1) D:4

Altars:
Ashenzari
Cheibriados
Dithmenos
Elyvilon
Fedhas
Gozag
Hepliaklqana
Kikubaaqudgha
Nemelex Xobeh
Okawaru
Qazlal
Ru
Sif Muna
Trog
Uskayaw
Vehumet
Xom
Zin

Annotations:
D:6 Duvessa


Message History

No target in view!
No target in view!
You now have 133 gold pieces (gained 10).
v - a scroll labelled KUHACHUMMIS
w - a ring of protection from cold
Found a short sword.
You see here a +0 short sword.
Found a stone staircase leading up.
w - a ring of protection from cold (left hand)
Found a stone staircase leading down.
q - 3 murky silvery potions (gained 2)
Found a leather armour.
A ball python comes into view.
The ball python hisses angrily.
You reach to attack!
You hit the ball python.
The ball python is heavily wounded.
You block the ball python's attack. The ball python closely misses you.
You barely miss the ball python.
The ball python is heavily wounded.
The ball python bites you but does no damage.
The ball python grabs you. The ball python constricts you.
You closely miss the ball python.
The ball python is heavily wounded.
The ball python bites you but does no damage.
The ball python constricts you. The ball python closely misses you.
The ball python constricts you.
You hit the ball python.
You kill the ball python!
No target in view!
No target in view!
You see here a ball python corpse.
A dart slug comes into view.
A dart slug is nearby!
A dart slug is nearby!
Found 10 gold pieces.
The dart slug launches a dart at you. The slug dart misses you.
No target in view!
No target in view!
You now have 143 gold pieces (gained 10).
A dart slug is nearby!
You hit the dart slug.
The dart slug is severely wounded.
The dart slug launches a dart at you. You block the slug dart.
You puncture the dart slug!
You kill the dart slug!
No target in view!
Found 4 large rocks.
You see here 4 large rocks.
Found a whip.
Found 9 stones.
Found a stone staircase leading down.
Nemelex will now gift you decks of power as you gain piety.
You see here a +0 whip.
Key pressed, stopping explore.
x - a wand of flame (9)
There is a stone staircase leading up here.
You pick up a Young Poisoner's Handbook and begin reading...
You add the spells Sting, Poisonous Vapours and Olgreb's Toxic Radiance to your library.
Done exploring.
Done exploring.
Done exploring.
Done exploring.
Search for what [Enter for "nem", or ? for help]?
Search for what [Enter for "nem", or ? for help]? axe Can't find anything matching that.
(D) Dungeon (T) Temple
Where to? (Enter - D:4, ? - help)
There is a stone staircase leading down here.
You climb downwards.
There is a stone staircase leading up here.
Unknown command.
An orc comes into view. It is wielding a +0 falchion.
The orc shouts!
An orc is nearby!
An orc is nearby!
You reach to attack!
You hit the orc.
The orc is poisoned.
The orc is lightly wounded.
You barely miss the orc.
The orc is heavily wounded.
The orc closely misses you.
You barely miss the orc.
The orc is heavily wounded.
The orc closely misses you.
You puncture the orc!
You kill the orc!
No target in view!
z - a metallic cyan potion You open the large door.
An adder comes into view.
An iguana comes into view.
Found 9 stones.
There are monsters nearby!
No target in view!
No target in view!
No target in view!
No target in view!
No target in view!
No target in view!
A scorpion comes into view.
You reach to attack!
You hit the scorpion.
The scorpion is poisoned.
The scorpion is moderately wounded.
The scorpion stings you but does no damage.
You closely miss the scorpion.
The scorpion is moderately wounded.
The scorpion stings you. The scorpion misses you.
You barely miss the scorpion.
The scorpion is heavily wounded.
The scorpion closely misses you.
You closely miss the scorpion.
The scorpion is heavily wounded.
The scorpion closely misses you. The scorpion misses you.
You closely miss the scorpion.
The scorpion is severely wounded.
The scorpion stings you.
You are poisoned.
The scorpion poisons you! The scorpion stings you.
You hit the scorpion.
You kill the scorpion!
You feel very sick.
Your Axes skill increases to level 1!
Your Invocations skill increases to level 1!
No target in view!
You start resting.
You feel sick. x5
An iguana is nearby!
An iguana is nearby!
You feel sick.
You feel sick.
The iguana hisses angrily.
You feel sick.
You are no longer poisoned.
The adder hisses angrily.
Reach: u) +1 trident (venom)
Press: ? - help, Dir - move target, f - adder
Aim: an adder (about 60% to evade your +1 trident of venom)
You reach to attack!
You completely miss the adder. The adder closely misses you.
You miss the adder. The adder bites you but does no damage.
You miss the adder. You block the adder's attack.
The adder bites you but does no damage.
You closely miss the adder. The adder closely misses you. x2
You hit the adder.
The adder is poisoned.
The adder is moderately wounded.
The adder barely misses you.
You miss the adder.
The adder is severely wounded.
You kill the adder!
The iguana barely misses you.
You barely miss the iguana. The iguana bites you!
* * * LOW HITPOINT WARNING * * *
You closely miss the iguana. The iguana closely misses you.
You closely miss the iguana.
The iguana bites you but does no damage.
The iguana barely misses you.
You closely miss the iguana.
The iguana bites you but does no damage.
You closely miss the iguana. You block the iguana's attack.
You barely miss the iguana. The iguana bites you.
* * * LOW HITPOINT WARNING * * *
The iguana closely misses you.
You hit the iguana.
The iguana is poisoned.
The iguana is lightly wounded.
The iguana bites you.
* * * LOW HITPOINT WARNING * * *
You hit the iguana.
The iguana is heavily wounded.
The iguana bites you.
* * * LOW HITPOINT WARNING * * *
Okay, then.
You closely miss the iguana.
The iguana is heavily wounded.
The iguana bites you!
* * * LOW HITPOINT WARNING * * *
You block the iguana's attack. The iguana attacks as you move away!
The iguana closely misses you. The iguana attacks as you move away!
The iguana completely misses you.
You kill the iguana!
You start resting.
Magic restored.
You start resting.
A quokka comes into view.
There is a large open door here.
You close the large door.
You start resting.
HP restored.
You see here 9 stones.
You open the large door.
There is a large open door here.
A quokka is nearby!
A quokka is nearby!
You hit the quokka.
The quokka is poisoned.
The quokka is lightly wounded.
The quokka closely misses you.
The quokka bites you but does no damage.
You barely miss the quokka.
The quokka is moderately wounded.
The quokka bites you but does no damage.
A quokka is nearby!
A quokka is nearby!
You closely miss the quokka.
The quokka is heavily wounded.
The quokka barely misses you. You block the quokka's attack.
You hit the quokka.
The quokka is almost dead.
You block the quokka's attack.
The quokka bites you but does no damage.
You closely miss the quokka.
The quokka is almost dead.
You kill the quokka!
No target in view!
You see here a quokka corpse.
Found a stone staircase leading down.
No target in view!
An iguana comes into view.
An iguana is nearby!
An iguana is nearby!
An ogre comes into view. It is wielding a +0 giant club.
The ogre moves out of view.
Found a stone staircase leading down.
The iguana hisses angrily.
You barely miss the iguana. The iguana bites you.
You closely miss the iguana. The iguana barely misses you. x2
You hit the iguana.
The iguana is poisoned.
The iguana is lightly wounded.
The iguana misses you.
You hit the iguana.
The iguana looks even sicker.
The iguana is lightly wounded.
The iguana bites you! You block the iguana's attack.
You hit the iguana.
The iguana looks as sick as possible!
The iguana is severely wounded.
You kill the iguana!
You have reached level 7!
An ogre is nearby!
An ogre is nearby!
An ogre is nearby!
An ogre is nearby!
You reach to attack!
The ogre shouts!
You hit the ogre but do no damage.
The ogre is poisoned.
You puncture the ogre!
The ogre is moderately wounded.
The ogre completely misses you.
You hit the ogre.
The ogre looks as sick as possible!
The ogre is heavily wounded.
The ogre hits you with a +0 giant club.
You completely miss the ogre.
The ogre is heavily wounded.
You block the ogre's attack.
You barely miss the ogre.
The ogre is heavily wounded.
The ogre hits you with a +0 giant club!!
A jelly comes into view.
You kill the ogre!
Training target 5.0 for Fighting reached!
Your Fighting skill increases to level 5!
Your Axes skill increases to level 2!
Your Invocations skill increases to level 2!
You see here a +0 falchion.
There is a stone staircase leading up here.
You climb upwards.
There is a stone staircase leading down here.
Unknown command.
Unknown command.
Unknown command.
Unknown command.
HP restored.
Done exploring.
There is a stone staircase leading down here.
You climb downwards.
Found a scroll labelled DUSKITIURI.
There is a stone staircase leading up here.
r - 2 scrolls labelled DUSKITIURI (gained 1)
You now have 157 gold pieces (gained 14).
y - a scroll labelled LACUQE JORHA Nemelex Xobeh deals you some cards!
You now have 1 escape card, 9 destruction cards and 1 summoning card.
An ufetubus comes into view.
An ufetubus is nearby!
An ufetubus is nearby!
An ufetubus is nearby!
The ufetubus shouts!
You reach to attack!
You puncture the ufetubus!
You kill the ufetubus!
A hound comes into view.
You reach to attack!
The hound barks!
You hit the hound but do no damage.
The hound is poisoned.
The hound bites you.
You barely miss the hound.
The hound is lightly wounded.
The hound barely misses you. The hound bites you.
You barely miss the hound.
The hound is lightly wounded.
The hound closely misses you. The hound bites you but does no damage.
You hit the hound.
The hound looks as sick as possible!
The hound is moderately wounded.
The hound barely misses you. The hound misses you.
You hit the hound.
You kill the hound!
Your Axes skill increases to level 3!
Your Invocations skill increases to level 3!
No target in view!
No target in view!
HP restored.
Found a stone staircase leading up.
Found a sling.
You see here a +0 sling.
Found a chain mail.
You see here a +0 chain mail.
There is a stone staircase leading up here.
Found a dagger.
An adder and an ufetubus come into view.
There are monsters nearby!
The adder hisses angrily.
You reach to attack!
You barely miss the adder.
The ufetubus shouts!
You completely miss the adder. The adder bites you.
You are poisoned.
The adder poisons you! The adder closely misses you.
You hit the adder.
The adder is poisoned.
The adder is moderately wounded.
You feel sick.
The ufetubus hits you but does no damage.
The ufetubus misses you. The adder closely misses you.
You block the ufetubus's attack.
The ufetubus hits you but does no damage.
The adder bites you but does no damage.
You barely miss the adder.
The adder is heavily wounded.
You feel sick. The ufetubus completely misses you.
You block the ufetubus's attack. The adder closely misses you.
The ufetubus hits you but does no damage.
The ufetubus closely misses you.
You hit the adder.
The adder looks as sick as possible!
The adder is almost dead.
You feel sick.
You are no longer poisoned.
You kill the adder!
The ufetubus hits you but does no damage.
You block the ufetubus's attack.
You closely miss the ufetubus. The ufetubus closely misses you.
The ufetubus barely misses you. x2; The ufetubus closely misses you.
You hit the ufetubus.
The ufetubus is poisoned.
The ufetubus is almost dead.
You kill the ufetubus!
No target in view!
No target in view!
A white imp comes into view.
A white imp is nearby!
A white imp is nearby!
A white imp is nearby!
You reach to attack!
The helpless white imp fails to defend itself.
You puncture the white imp!
The white imp is almost dead.
You hit the white imp.
You kill the white imp!
No target in view!
No target in view!
Found a stone staircase leading down.
There is a stone staircase leading down here.
You see here a +0 dagger.
You now have 170 gold pieces (gained 13).
Found a flail.
A - a fizzy coppery potion You now have 176 gold pieces (gained 6).
Found a plate armour.
You see here a +0 flail.
You now have 190 gold pieces (gained 14).
A hound comes into view.
A hound is nearby!
You reach to attack!
The helpless hound fails to defend itself.
You hit the hound but do no damage.
The hound is poisoned.
The hound barely misses you.
You hit the hound.
The hound is moderately wounded.
The hound bites you. The hound barely misses you.
You hit the hound.
The hound looks as sick as possible!
The hound is severely wounded.
The hound closely misses you. You block the hound's attack.
A hound is nearby!
You barely miss the hound.
The hound is severely wounded.
The hound barely misses you. The hound bites you.
A hound is nearby!
You barely miss the hound.
The hound is almost dead.
The hound closely misses you. The hound barely misses you.
A hound is nearby!
A hound is nearby!
You puncture the hound!
You kill the hound!
No target in view!
r - 4 scrolls labelled DUSKITIURI (gained 2)
i - 3 emerald potions (gained 1)
Found a ring mail.
A scorpion comes into view.
A scorpion is nearby!
A scorpion is nearby!
You reach to attack!
The helpless scorpion fails to defend itself.
You hit the scorpion.
The scorpion is poisoned.
The scorpion is moderately wounded.
You hit the scorpion but do no damage.
The scorpion is severely wounded.
You block the scorpion's attack. The scorpion stings you.
You completely miss the scorpion.
The scorpion is almost dead.
The scorpion closely misses you.
You barely miss the scorpion.
The scorpion is almost dead.
You kill the scorpion!
No target in view!
You see here a +0 ring mail.
You now have 202 gold pieces (gained 12).
You see here a +0 ring mail.
You now have 210 gold pieces (gained 8).
You see here a +0 flail.
Key pressed, stopping explore.
Done exploring.
Done exploring.
Done exploring.
Done exploring.
Done exploring.
Done exploring.
Done exploring.
(D) Dungeon (T) Temple
Where to? (Enter - D:4 @ (x,y), ? - help)
There is a stone staircase leading down here.
You climb downwards.
Found a scroll labelled DUSKITIURI.
There is a stone staircase leading up here.
Unknown command.
A sourceless malevolence fills the Dungeon...
With a horrendous wail, an alarm goes off!
A sentinel's mark forms upon you.
You hear an angry hiss.
You hear a shout!
You hear an angry hiss. x2
You hear a loud, deep croak!
You hear a shout!
You hear an angry hiss. x2
r - 5 scrolls labelled DUSKITIURI (gained 1)
A shadow imp and a steam dragon come into view.
The shadow imp moves out of view.
A steam dragon is nearby!
A steam dragon is nearby!
An iguana comes into view.
There is a stone staircase leading up here.
You puncture the iguana!
The iguana is heavily wounded.
You block the iguana's attack.
You hit the iguana but do no damage.
The iguana is poisoned.
The iguana is heavily wounded.
A necrophage comes into view.
The iguana barely misses you.
You completely miss the iguana.
The iguana is heavily wounded.
You block the iguana's attack. The steam dragon barely misses you. x2
The iguana hisses menacingly.
The iguana bites you.
You climb upwards.
There is a stone staircase leading down here.
You barely miss the steam dragon. The iguana bites you.
The steam dragon misses you.
The steam dragon claws you but does no damage.
The iguana bites you.
The steam dragon bites you but does no damage.
The steam dragon claws you.
You hit the steam dragon.
The steam dragon is lightly wounded.
The steam dragon bites you but does no damage.
The steam dragon claws you but does no damage.
The iguana bites you!
You hit the steam dragon.
The steam dragon is poisoned.
The steam dragon is lightly wounded.
The iguana bites you. The steam dragon misses you.
You block the steam dragon's attack.
You hit the iguana.
You kill the iguana!
You block the steam dragon's attack. The steam dragon claws you.
* * * LOW HITPOINT WARNING * * *
The steam dragon breathes steam at you. The ball of steam misses you.
Your Axes skill increases to level 4!
Your Invocations skill increases to level 4!
You hit the steam dragon.
The steam dragon looks as sick as possible!
The steam dragon is moderately wounded.
The steam dragon breathes steam at you. The ball of steam hits you. You resist.
* * * LOW HITPOINT WARNING * * *
The steam dragon breathes steam at you. The ball of steam misses you.
The steam dragon attacks as you move away!
The steam dragon completely misses you. x2
You see here an iguana corpse.
You hit the steam dragon but do no damage.
The steam dragon is severely wounded.
The sentinel's mark upon you fades away.
The steam dragon closely misses you. x2
You hit the steam dragon.
The steam dragon looks as sick as possible!
The steam dragon is almost dead.
The steam dragon bites you.
* * * LOW HITPOINT WARNING * * *
The steam dragon claws you but does no damage.
You puncture the steam dragon!
You kill the steam dragon!
You start resting.
Magic restored.
There is a stone staircase leading down, spattered with blood here.
You see here a +0 giant club.
There is a stone staircase leading down here.
You start resting.
HP restored.
You climb downwards.
Found 14 gold pieces.
There is a stone staircase leading up here.
You now have 224 gold pieces (gained 14).
An orc priest comes into view. It is wielding a +0 trident.
The orc priest shouts!
An orc comes into view. It is wielding a +0 short sword.
An orc comes into view. It is wielding a +0 flail.
An orc comes into view. It is wielding a +0 mace.
There are monsters nearby!
There are monsters nearby!
The orc shouts! x2; You hear a shout!
You start waiting.
An orc is nearby!
You reach to attack!
You hit the orc.
The orc is poisoned.
The orc is moderately wounded.
You puncture the orc!
You kill the orc!
The orc priest closely misses you.
The orc priest hits you but does no damage.
You reach to attack!
You hit the orc priest.
The orc priest is moderately wounded.
The orc priest misses you.
You reach to attack!
You hit the orc priest.
The orc priest is poisoned.
The orc priest is heavily wounded.
The orc priest barely misses you.
You reach to attack!
You hit the orc priest.
The orc priest looks as sick as possible!
The orc priest is almost dead.
You kill the orc priest!
Your Axes skill increases to level 5!
Your Invocations skill increases to level 5!
You have reached level 8!
You reach to attack!
You hit the orc.
The orc is poisoned.
The orc is heavily wounded.
You kill the orc!
No target in view!
No target in view!
You see here a +0 short sword.
No target in view!
No target in view!
Things that are here:
a +0 mace; a +0 trident; a +0 leather armour The orc shouts!
An orc is nearby!
An orc is nearby!
You reach to attack!
You hit the orc but do no damage.
The orc is poisoned.
A wight comes into view. It is wielding a +4 hand axe.
An orc comes into view. It is wielding a +0 whip.
You block the orc's attack.
You closely miss the orc. The orc hits you but does no damage.
A wight comes into view. It is wielding a +3 war axe.
You barely miss the orc.
The orc is lightly wounded.
The orc hits you with a +0 flail.
You hit the orc.
You kill the orc!
The orc attacks as you move away! The orc misses you.
Press: ? - help, v - describe, . - travel
Here: a wight, wielding a +4 hand axe and wearing a +0 robe The floor.
Things that are here:
a +0 mace; a +0 trident; a +0 leather armour You puncture the orc!
You kill the orc!
Reach: u) +1 trident (venom)
Press: ? - help, Dir - move target, f - wight
Aim: a wight, wielding a +4 hand axe and wearing a +0 robe (about 40% to evade your +1 trident of venom)
You reach to attack!
You hit the wight but do no damage. The wight hits you with a +4 hand axe.
You feel drained.
You barely miss the wight. The wight hits you with a +4 hand axe!
You puncture the wight!
The wight is severely damaged.
The wight barely misses you.
You hit the wight but do no damage.
The wight is severely damaged.
The wight hits you with a +4 hand axe!
You hit the wight but do no damage.
The wight is severely damaged.
The wight hits you with a +4 hand axe. You block the wight's attack.
You closely miss the wight.
The wight is severely damaged.
The wight hits you with a +4 hand axe!
You puncture the wight!
You destroy the wight!
Your life force feels restored.
Things that are here:
a +4 hand axe; a +0 robe; a +0 whip
B - a +4 hand axe
Things that are here:
a +0 mace; a +0 trident; a +0 leather armour You see here a +0 short sword.
There is a stone staircase leading up here.
You start resting.
HP restored.
Okay, then.
Adjust (i)tems, (s)pells, or (a)bilities?
a - a +2 dagger Adjust to which letter? (? for menu, Esc to quit)
Okay, then.
Adjust (i)tems, (s)pells, or (a)bilities?
u - a +1 trident of venom (weapon)
Adjust to which letter? (? for menu, Esc to quit)
a - a +1 trident of venom (weapon);
u - a +2 dagger Adjust (i)tems, (s)pells, or (a)bilities?
B - a +4 hand axe Adjust to which letter? (? for menu, Esc to quit)
b - a +4 hand axe;
B - a sedimented black potion A sky beast comes into view.
A sky beast is nearby!
A sky beast is nearby!
A sky beast is nearby!
A sky beast is nearby!
A wight comes into view.
It is wielding a +0 battleaxe and quivering poisoned darts.
The wight moves out of view.
k - 2 scrolls labelled CONOEDEMPEO (gained 1) Duvessa, Sister of Dowan comes into view.
She is wielding a +0 short sword and wearing a +1 leather armour of poison resistance.
The wight throws a poisoned dart.
You block the poisoned dart.
The wight throws a poisoned dart.
The poisoned dart completely misses you.
Your +1 trident of venom stops dripping with poison.
b - a +4 hand axe (weapon)
You start waiting.
A wight is nearby!
The wight completely misses you.
You hit the wight.
The wight is lightly damaged.
The wight hits you with a +0 battleaxe.
You feel drained.
You barely miss the wight.
The wight is lightly damaged.
The wight barely misses you.
You hit the wight but do no damage.
The wight is lightly damaged.
The wight hits you with a +0 battleaxe!
You hit the wight but do no damage.
The wight is lightly damaged.
The wight misses you.
You hit the wight but do no damage.
The wight is lightly damaged.
You block the wight's attack.
You hit the wight but do no damage.
The wight is lightly damaged.
The wight barely misses you.
You hit the wight but do no damage.
The wight is lightly damaged.
You block the wight's attack.
You closely miss the wight.
The wight is lightly damaged.
The wight hits you with a +0 battleaxe.
You feel drained.
You closely miss the wight.
The wight is lightly damaged.
You block the wight's attack.
You barely miss the wight.
The wight is lightly damaged.
You block the wight's attack.
You hit the wight.
The wight is moderately damaged.
The wight barely misses you.
You closely miss the wight.
The wight is moderately damaged.
You barely miss the wight. The wight hits you with a +3 war axe!
You feel drained. The wight closely misses you.
You hit the wight but do no damage.
The wight is moderately damaged.
You hit the wight. You block the wight's attack.
The wight hits you with a +0 battleaxe!
You feel drained.
You are too injured to fight recklessly!
You are too injured to fight recklessly!
The wight attacks as you move away! The wight hits you with a +0 battleaxe.
* * * LOW HITPOINT WARNING * * *
The wight throws a poisoned dart.
The poisoned dart completely misses you.
Okay, then.
You draw a card...
You have drawn Pain.
Press: ? - help, Shift-Dir - straight line, f - wight
Aim: a wight, wielding a +3 war axe and wearing a +0 robe (moderately damaged)
The wight is unaffected.
You draw a card...
You have drawn Degeneration.
The wight is dazed by the mutagenic energy. x2
Unknown command.
You slash the wight!
The wight is almost destroyed.
The wight is lost in a daze.
You hit the wight.
The wight is almost destroyed.
The wight hits you with a +0 battleaxe.
* * * LOW HITPOINT WARNING * * *
You barely miss the wight.
The wight is almost destroyed.
The wight misses you.
You hit the wight but do no damage.
The wight is almost destroyed.
The wight is no longer dazed. x2; The wight closely misses you.
You draw a card...
You have drawn Vitriol.
Press: ? - help, Shift-Dir - straight line, f/p - wight
Aim: a wight, wielding a +3 war axe and wearing a +0 robe (moderately damaged)
The glob of acid misses the wight.
The glob of acid hits the wight!!
You destroy the wight!
You block the wight's attack.
You hit the wight.
You destroy the wight!
d - 14 poisoned darts (gained 6)
Things that are here:
a +0 battleaxe; a +0 chain mail
r - 6 scrolls labelled DUSKITIURI (gained 1)
Things that are here:
a +3 war axe; a +0 robe
C - a +3 war axe
Things that are here:
a +0 battleaxe; a +0 chain mail
There is a stone staircase leading up here.
You start resting.
HP restored.
C - a +3 war axe (weapon)
You drop a +4 hand axe.
Adjust (i)tems, (s)pells, or (a)bilities?
C - a +3 war axe (weapon)
Adjust to which letter? (? for menu, Esc to quit)
b - a +3 war axe (weapon)
Unknown command.
You see here a +0 short sword.
Things that are here:
a +0 mace; a +0 trident; a +0 leather armour
Things that are here:
a +0 robe; a +0 whip
Found a shimmering blue altar of Sif Muna.
An adder comes into view.
An adder is nearby!
An adder is nearby!
The adder hisses angrily.
The adder misses you.
You miss the adder. The adder closely misses you. x2
You hit the adder.
The adder is lightly wounded.
You block the adder's attack. The adder barely misses you.
You closely miss the adder.
The adder is lightly wounded.
The adder bites you but does no damage.
You hit the adder.
The adder is heavily wounded.
The adder bites you but does no damage. The adder barely misses you.
You closely miss the adder.
The adder is heavily wounded.
The adder closely misses you. The adder misses you.
You miss the adder.
The adder is heavily wounded.
The adder barely misses you.
You hit the adder.
The adder is almost dead.
The adder bites you. The adder bites you but does no damage.
You hit the adder.
You kill the adder!
The sky beast flickers out of sight!
Deactivating autopickup; reactivate with Ctrl-A.
Found a fizzy white potion.
Something misses you.
You closely miss something. Something hits you but does no damage.
You hit something. Something hits you but does no damage.
You slash something! Something hits you but does no damage.
Something hits you but does no damage.
You hit something. Something barely misses you.
You hit something.
Something hits you but does no damage. x2
You closely miss something. Something hits you but does no damage.
You closely miss something. Something hits you but does no damage.
You miss something. Something hits you. Something shocks you.
Something hits you. Something shocks you.
You closely miss something. Something hits you but does no damage.
You miss something. Something hits you but does no damage.
You hit something. Something hits you. Something shocks you.
You closely miss something. Something hits you but does no damage.
Something hits you. Something shocks you.
You hit something. Something hits you but does no damage.
You hit something. Something hits you but does no damage.
You closely miss something. Something hits you but does no damage.
An adder comes into view.
The adder hisses angrily.
You hit something.
Reactivating autopickup.
You feel a bit more experienced.
Your life force feels restored.
Your Axes skill increases to level 6!
Your Invocations skill increases to level 6!
You swing at nothing.
You miss the adder. The adder closely misses you. The adder bites you.
You closely miss the adder. You block the adder's attack.
You miss the adder. The adder barely misses you. You block the adder's attack.
You barely miss the adder. The adder bites you.
You are poisoned.
The adder poisons you! The adder bites you but does no damage.
You barely miss the adder.
You feel sick. The adder barely misses you.
You hit the adder.
The adder is heavily wounded.
You feel sick. The adder misses you. The adder bites you but does no damage.
You closely miss the adder.
The adder is heavily wounded.
You feel sick. The adder closely misses you. x2
You hit the adder.
The adder is heavily wounded.
You feel sick.
You are no longer poisoned.
The adder bites you but does no damage.
You closely miss the adder.
The adder is heavily wounded.
The adder bites you but does no damage. You block the adder's attack.
You hit the adder.
The adder is almost dead.
You block the adder's attack.
You slash the adder!
You kill the adder!
There is a stone staircase leading up here.
You see here a +4 hand axe.
C - a fizzy white potion
Found a stone staircase leading down.
q - 4 murky silvery potions (gained 1)
You see here an adder skeleton.
Found a robe.
A scorpion comes into view.
You closely miss the scorpion.
The scorpion stings you but does no damage.
The scorpion stings you.
You closely miss the scorpion. You block the scorpion's attack.
You slash the scorpion!
The scorpion is almost dead.
The scorpion misses you. The scorpion closely misses you.
You hit the scorpion.
You kill the scorpion!
No target in view!
A necrophage comes into view.
A necrophage is nearby!
A necrophage is nearby!
You see here a scorpion corpse.
You barely miss the necrophage. The necrophage misses you.
The necrophage hits you but does no damage.
You slash the necrophage!
The necrophage is moderately damaged.
You block the necrophage's attack.
You hit the necrophage.
The necrophage is heavily damaged.
The necrophage hits you but does no damage.
You hit the necrophage.
The necrophage is heavily damaged.
You block the necrophage's attack.
You hit the necrophage.
The necrophage is severely damaged.
The necrophage hits you.
You feel drained.
You slash the necrophage!
You destroy the necrophage!
Your life force feels restored.
No target in view!
No target in view!
Magic restored.
An iguana comes into view.
An iguana is nearby!
An iguana is nearby!
There is a stone staircase leading down here.
You climb downwards.
Found a stone staircase leading down.
There is a stone staircase leading up here. 2 wights come into view.
There are monsters nearby!
There are monsters nearby!
A wight comes into view. It is wielding a +0 trident.
You completely miss the wight. The wight barely misses you.
You hit the wight but do no damage. The wight barely misses you.
You barely miss the wight. The wight misses you.
You hit the wight but do no damage. The wight barely misses you.
You hit the wight.
The wight is lightly damaged.
The wight barely misses you.
The wight hits you with a +0 great sword.
You hit the wight.
The wight is moderately damaged.
The wight barely misses you.
You barely miss the wight.
The wight is moderately damaged.
The wight hits you with a +0 great sword.
You slash the wight!
The wight is almost destroyed.
The wight hits you with a +0 great sword!
You feel drained.
You barely miss the wight.
The wight is almost destroyed.
The wight barely misses you.
You barely miss the wight.
The wight is almost destroyed.
You block the wight's attack.
You hit the wight.
You destroy the wight!
Things that are here:
a +0 great sword; a +0 robe You start resting.
HP restored.
No target in view!
D - a +0 pair of boots A black bear comes into view.
A black bear is nearby!
You throw a poisoned dart. The poisoned dart hits the black bear.
The black bear is poisoned.
The black bear growls angrily.
You throw a poisoned dart. The poisoned dart hits the black bear.
The black bear looks even sicker.
You throw a poisoned dart.
The poisoned dart barely misses the black bear.
An orc comes into view. It is wielding a +0 hand axe.
The black bear closely misses you. The black bear misses you.
The black bear claws you but does no damage.
You hit the black bear.
The black bear is heavily wounded.
The black bear bites you but does no damage.
The black bear claws you. x2
You hit the black bear.
The black bear is heavily wounded.
You block the black bear's attack. The black bear completely misses you.
The black bear claws you but does no damage.
You hit the black bear but do no damage.
The black bear is heavily wounded.
The black bear closely misses you.
The black bear claws you but does no damage.
You block the black bear's attack.
You hit the black bear.
The black bear is severely wounded.
The black bear closely misses you. You block the black bear's attack.
The black bear closely misses you.
You hit the black bear.
The black bear is almost dead.
The black bear goes berserk!
The black bear bites you. You block the black bear's attack.
The black bear claws you but does no damage.
You slash the black bear!
You kill the black bear!
Your life force feels restored.
Your Axes skill increases to level 7!
Your Invocations skill increases to level 7!
No target in view!
No target in view!
An orc is nearby!
An orc is nearby!
An orc is nearby!
An orc warrior comes into view. It is wielding a +0 broad axe.
You see here a black bear corpse.
The orc shouts!
You hit the orc warrior.
The orc warrior is lightly wounded.
You hit the orc but do no damage. The orc hits you but does no damage.
The orc warrior hits you with a +0 broad axe!!
You slash the orc warrior!
The orc warrior is severely wounded.
You barely miss the orc. The orc hits you with a +0 hand axe.
The orc warrior hits you with a +0 broad axe!
The orc attacks as you move away! The orc hits you but does no damage.
You see here a black bear corpse.
Throw: 11 darts (poison)
Press: ? - help, Q - select action, (/) - cycle Shift-Dir - straight line, f - orc
Aim: an orc, wielding a +0 hand axe and wearing a +0 chain mail (67% to hit)
You throw a poisoned dart. The poisoned dart hits the orc.
The orc is poisoned.
You block the orc's attack.
Throw: 10 darts (poison)
Press: ? - help, Q - select action, (/) - cycle Shift-Dir - straight line, f/p - orc
Aim: an orc, wielding a +0 hand axe and wearing a +0 chain mail (poisoned, 67% to hit)
You throw a poisoned dart. The poisoned dart hits the orc.
You block the orc's attack.
Throw: 9 darts (poison)
Press: ? - help, Q - select action, (/) - cycle Shift-Dir - straight line, f/p - orc
Aim: an orc, wielding a +0 hand axe and wearing a +0 chain mail (poisoned, 67% to hit)
You throw a poisoned dart.
The poisoned dart barely misses the orc.
The poisoned dart closely misses the orc warrior.
The orc hits you with a +0 hand axe.
* * * LOW HITPOINT WARNING * * *
You slash the orc!
You kill the orc!
Throw: 8 darts (poison)
Press: ? - help, Q - select action, (/) - cycle Shift-Dir - straight line, f - orc warrior
Aim: an orc warrior, wielding a +0 broad axe and wearing a +0 plate armour (severely wounded, 59% to hit)
You throw a poisoned dart. The poisoned dart hits the orc warrior.
The orc warrior is poisoned.
The orc warrior is severely wounded.
The orc warrior hits you with a +0 broad axe!
* * * LOW HITPOINT WARNING * * *
You hit the orc warrior.
The orc warrior is severely wounded.
The orc warrior hits you with a +0 broad axe!!
* * * LOW HITPOINT WARNING * * *
The orc warrior hits you with a +0 broad axe!
You die...
Your body disappears without a glow.

#########
#(†(o@..############
#.#####.##.......#.##
#.......##.##.##.......#
#.##(##.##.##.##.##.#.##
# #(# ##.......##.#.#
.(# ####.#####.#.# .##
#.#####.#.# .
#####.>.....#.# ..
#.......# ###.#


You could see an orc warrior (poisoned).

Vanquished Creatures
  Sigmund (D:2)
  A steam dragon (D:5)
  A sky beast (D:6)
  A black bear (D:7)
  An ogre (D:5)
  A necrophage (D:6)
  3 scorpions
  4 wights
  2 hounds (D:5)
  An orc priest (D:6)
  Terence (D:3)
  3 iguanas (D:5)
  11 adders
  A white imp (D:5)
  2 ufetubi (D:5)
  5 dart slugs
  10 orcs
  4 endoplasms
  6 giant cockroaches
  5 goblins
  7 hobgoblins
  4 quokkas
  4 ball pythons
  7 bats
  4 frilled lizards
  3 kobolds
  6 rats
99 creatures vanquished.

Notes
Turn   | Place    | Note
-------+----------+-------------------------------------------
     0 | D:1      | sleeves the Hill Orc Brigand began the quest for the Orb.
     0 | D:1      | Reached XP level 1. HP: 18/18 MP: 1/1
   143 | D:1      | Found a faded altar of an unknown god.
   152 | D:1      | Reached skill level 3 in Fighting
   184 | D:1      | Reached XP level 2. HP: 25/26 MP: 2/2
   454 | D:1      | Reached skill level 1 in Armour
   481 | D:1      | Reached XP level 3. HP: 30/33 MP: 3/3
   602 | D:1      | Reached skill level 4 in Fighting
   859 | D:2      | Reached skill level 1 in Shields
  1036 | D:2      | HP: 16/33 [poisoned by an adder]
  1308 | D:2      | Reached XP level 4. HP: 40/40 MP: 4/4
  1319 | D:2      | Reached skill level 2 in Shields
  1496 | D:2      | Noticed Sigmund
  1529 | D:2      | Killed Sigmund
  1530 | D:2      | Reached skill level 5 in Shields
  1530 | D:2      | Reached XP level 5. HP: 39/46 MP: 5/5
  1530 | D:2      | Reached XP level 6. HP: 44/52 MP: 6/6
  2235 | D:3      | Found a snail-covered altar of Cheibriados.
  2235 | D:3      | Found an opulent altar of Gozag.
  2324 | D:3      | Noticed Terence
  2363 | D:3      | Killed Terence
  2364 | D:3      | Reached skill level 2 in Armour
  2365 | D:3      | HP: 26/53 [poisoned by Terence]
  2818 | D:4      | Found a staircase to the Ecumenical Temple.
  2826 | Temple   | Entered the Ecumenical Temple
  2955 | Temple   | Became a worshipper of Nemelex Xobeh the Trickster
  3515 | D:4      | Reached * piety under Nemelex Xobeh
  4071 | D:5      | Entered Level 5 of the Dungeon
  4104 | D:5      | Reached skill level 1 in Axes
  4104 | D:5      | Reached skill level 1 in Invocations
  4122 | D:5      | HP: 26/53 [iguana (8)]
  4127 | D:5      | HP: 25/53 [iguana (2)]
  4130 | D:5      | HP: 7/53 [iguana (11)]
  4435 | D:5      | Reached XP level 7. HP: 50/60 MP: 8/8
  4459 | D:5      | Reached skill level 5 in Fighting
  4459 | D:5      | Reached skill level 2 in Axes
  4459 | D:5      | Reached skill level 2 in Invocations
  4669 | D:5      | Received a gift from Nemelex Xobeh
  4681 | D:5      | Reached skill level 3 in Axes
  4681 | D:5      | Reached skill level 3 in Invocations
  5289 | D:6      | Noticed a steam dragon
  5303 | D:5      | HP: 30/61 [steam dragon (4)]
  5304 | D:5      | Reached skill level 4 in Axes
  5304 | D:5      | Reached skill level 4 in Invocations
  5308 | D:5      | HP: 24/61 [steam dragon (3)]
  5309 | D:5      | Killed a steam dragon
  5515 | D:6      | Reached skill level 5 in Axes
  5515 | D:6      | Reached skill level 5 in Invocations
  5515 | D:6      | Reached XP level 8. HP: 68/68 MP: 11/11
  5745 | D:6      | Noticed Duvessa
  5789 | D:6      | HP: 28/62 [wight/+0 battleaxe (6)]
  5995 | D:6      | Found a shimmering blue altar of Sif Muna.
  6039 | D:6      | Reached skill level 6 in Axes
  6039 | D:6      | Reached skill level 6 in Invocations
  6047 | D:6      | HP: 33/68 [poisoned by an adder]
  6297 | D:6      | Reached ** piety under Nemelex Xobeh
  6585 | D:7      | Reached skill level 7 in Axes
  6585 | D:7      | Reached skill level 7 in Invocations
  6623 | D:7      | HP: 34/68 [orc/+0 hand axe (2)]
  6626 | D:7      | HP: 2/68 [orc warrior/+0 broad axe (20)]
  6626 | D:7      | Mangled by an orc warrior

Illustrated notes

Levels and vault maps discovered:
D:1:      kennysheep_arrival_forest, layout_rooms, basic_ecumenical_altar,
          chequers_serial_rivers_large_b
D:2:      layout_basic, roderic_roman_lattice, grunt_decor_arrowhead,
          hangedman_decor_push, uniq_sigmund
D:3:      layout_basic, amethyst_overflow_temple_binary, dk_noncrumbling_3,
          grunt_ministairs_9, nicolae_elevator_lobby_asterisk, uniq_terence
D:4:      layout_layer_cave, minmay_temple_entry_junction
D:5:      layout_loops_cross, kennysheep_generic_room_12
D:6:      layout_basic, makhleb_heckhound_becter, mainiacjoe_overflow_chevrons,
          serial_glass, glass_columns_a, glass_columns_a, due_unseen_surprise,
          minmay_strange_pillars, item_on_display_a, minmay_holes, uniq_duvessa,
          uniq_prince_ribbit1
D:7:      layout_loops_cross
Temple:   nicolae_temple_superstar

Skill      XL: |  1  2  3  4  5  6  7  8 |
---------------+-------------------------+-----
Fighting       | 3 4 5 |  5.0
Armour         | 1 2 |  2.1
Shields        | 1 5 |  5.3
Axes           | 1 5 7 |  7.1
Invocations    | 1 5 7 |  7.2
Short Blades   | |  2.0
Throwing       | |  1.7
Dodging        | |  0.7
Stealth        | |  3.2

Action                   |  1- 3 |  4- 6 |  7- 9 || total
-------------------------+-------+-------+-------++-------
Melee: Dagger            |   106 |    93 |       ||   199
       Punch             |     2 |       |       ||     2
       Trident           |       |    59 |    59 ||   118
       War axe           |       |       |    64 ||    64
       Hand axe          |       |       |    18 ||    18
Throw: Dart              |    14 |    23 |     7 ||    44
Invok: Draw Destruction  |       |       |     3 ||     3
 Stab: Sleeping          |     6 |     6 |     3 ||    15
Armor: Robe              |     9 |       |       ||     9
       Steam dragon scal |    25 |    46 |    44 ||   115
Dodge: Dodged            |    55 |   105 |    80 ||   240
Block: Buckler           |     4 |    29 |    34 ||    67
